 Dungeon Crawl Stone Soup version 0.31-a0-221-gbddc013574 (webtiles) character file.

Game seed: 14958855526494263051

305 qw the Shooter (level 6, 0/51 HPs)
             Began as a Minotaur Hexslinger on July 4, 2023.
             Slain by a black bear (2 damage)
             ... on level 4 of the Dungeon.
             The game lasted 00:01:07 (2535 turns).

qw the Shooter (Minotaur Hexslinger)                Turns: 2535, Time: 00:01:07

Health: 0/51       AC:  5    Str: 12    XL:     6   Next: 16%
Magic:  6/6        EV: 11    Int: 10    God:
Gold:   182        SH:  0    Dex: 15    Spells: 6/7 levels left

rFire   + . .        b - +2 sling
rCold   + . .        (no shield)
rNeg    . . .        a - +0 ring mail
rPois   .            (helmet restricted)
rElec   .            (no cloak)
rCorr   .            (no gloves)
SInv    .            (no boots)
Will    .....        (no amulet)
Stlth   +            f - ring of protection from cold
HPRegen 0.28/turn    d - ring of protection from fire
MPRegen 0.10/turn

%: no passive effects
@: no status effects
A: horns 2, retaliatory headbutt
a: no special abilities


You were on level 4 of the Dungeon.
You visited 1 branch of the dungeon, and saw 4 of its levels.

You collected 182 gold pieces.


Innate Abilities, Weirdness & Mutations

You have a pair of horns on your head.
You reflexively headbutt those who attack you in melee.


   Skills:
 - Level 3.0 Fighting
 + Level 5.9 Ranged Weapons
 - Level 3.0 Armour
 - Level 2.1 Dodging
 - Level 1.0 Spellcasting
 - Level 2.0 Hexes


You had 6 spell levels left.
You knew the following spells:

 Your Spells              Type           Power      Damage    Failure   Level
a - Slow                  Hex            16%        N/A       32%         1

Your spell library contained the following spells:

 Spells                   Type           Power      Damage    Failure   Level
 Inner Flame              Hex/Fire       2%         N/A       82%         3
 Portal Projectile        Hex/Tloc       4%         N/A       82%         3
 Cause Fear               Hex            2%         N/A       97%         4

Inventory:

Hand Weapons
 b - a +2 sling (weapon)
Armour
 a - a +0 ring mail (worn)
Jewellery
 d - a ring of protection from fire (right hand)
 f - a ring of protection from cold (left hand)
 Y - a +6 ring of strength
Scrolls
 g - a scroll of torment {unknown}
 i - a scroll of identify
Potions
 c - a potion of might
 e - a potion of brilliance {unknown}
 h - a potion of heal wounds {unknown}
 j - a potion of curing {unknown}

Dungeon Overview and Level Annotations

Branches:
Dungeon (4/15)
 Temple: D:4-7

Altars:
Cheibriados
Uskayaw
Vehumet


Message History

The black bear bites you. The black bear claws you. x2
You shoot a sling bullet.
The sling bullet barely misses the black bear.
The black bear bites you.
The black bear claws you but does no damage.
The black bear barely misses you.
You shoot a sling bullet.
The sling bullet hits the black bear but does no damage.
The black bear is heavily wounded.
The black bear bites you but does no damage.
The black bear claws you.
The black bear claws you but does no damage.
You shoot a sling bullet.
The sling bullet barely misses the black bear.
The black bear bites you but does no damage.
The black bear claws you.
The black bear claws you but does no damage.
You shoot a sling bullet. The sling bullet hits the black bear!
The black bear is almost dead.
The black bear goes berserk!
The black bear bites you but does no damage.
The black bear claws you.
The black bear claws you but does no damage.
You shoot a sling bullet. The sling bullet hits the black bear.
The black bear is almost dead.
The black bear misses you. The black bear closely misses you.
The black bear claws you.
You shoot a sling bullet.
The sling bullet barely misses the black bear.
The black bear bites you. The black bear claws you.
The black bear claws you but does no damage.
The black bear bites you but does no damage.
The black bear claws you but does no damage.
The black bear claws you.
You shoot a sling bullet.
The sling bullet completely misses the black bear.
The black bear bites you! The black bear closely misses you.
The black bear claws you. The black bear bites you.
The black bear closely misses you. The black bear claws you.
You die...

#.....### #. ##...## #.
####.# # ##...## ##...<.#
#......##+# ###.....##..##
##.......#....#
#........@h...#
##.......##..#+
##.......####
##.........## #
#...........# ####
#...........## #...
#............##### ##...
#....####........# ###....
##..#####........##.......


You could see a black bear (berserk).

Vanquished Creatures
  An ogre (D:4)
  A phantom (D:4)
  A hound (D:4)
  4 adders
  An ufetubus (D:4)
  A worm (D:4)
  A dart slug (D:2)
  7 ball pythons
  7 bats
  6 endoplasms
  6 giant cockroaches
  5 goblins
  6 hobgoblins
  6 jackals
  2 quokkas (D:2)
  8 frilled lizards
  5 kobolds
  7 rats
75 creatures vanquished.

Notes
Turn   | Place    | Note
-------+----------+-------------------------------------------
     0 | D:1      | qw the Minotaur Hexslinger began the quest for the Orb.
     0 | D:1      | Reached XP level 1. HP: 16/16 MP: 1/1
     0 | D:1      | 0 ||| qw: Version: 0.3-a-41-g9d075ac
     0 | D:1      | 0 ||| qw: Game counter: 833
     0 | D:1      | 0 ||| qw: Melee chars always use a shield: true
     0 | D:1      | 0 ||| qw: God list: Okawaru
     0 | D:1      | 0 ||| qw: Allow faded altars: false
     0 | D:1      | 0 ||| qw: Do Orc after clearing Dungeon:15 true
     0 | D:1      | 0 ||| qw: Do second Lair branch before Depths: true
     0 | D:1      | 0 ||| qw: Lair rune preference: random
     0 | D:1      | 0 ||| qw: Goals: Normal
     0 | D:1      | 0 ||| PLANNING D:1-11
   135 | D:1      | Reached skill level 3 in Ranged Weapons
   141 | D:1      | Reached XP level 2. HP: 11/23 MP: 2/2
   196 | D:1      | Found a faded altar of an unknown god.
   486 | D:1      | 486 ||| UPGRADING to +0 leather armour.
   496 | D:1      | 496 ||| DROPPING +0 robe.
   497 | D:1      | 497 ||| READING scroll labelled HIOP VUVIYREM.
   498 | D:1      | 498 ||| READING 3 scrolls labelled KIUNU LACO.
   499 | D:1      | 499 ||| DROPPING scroll of poison.
   500 | D:1      | 500 ||| DROPPING 2 scrolls of blinking.
   600 | D:2      | Reached XP level 3. HP: 29/29 MP: 3/3
   792 | D:2      | 792 ||| UPGRADING to +6 ring of strength.
   793 | D:2      | 793 ||| READING scroll labelled JYHOTI PAJENI.
   797 | D:2      | Reached skill level 4 in Ranged Weapons
   885 | D:2      | Found a hide-covered altar of Uskayaw.
   925 | D:2      | 925 ||| FLEEEEING.
   926 | D:2      | 926 ||| FLEEEEING.
   927 | D:2      | 927 ||| FLEEEEING.
   928 | D:2      | 928 ||| FLEEEEING.
  1094 | D:2      | 1094 ||| READING scroll labelled BOS NASAUM.
  1095 | D:2      | 1095 ||| READING scroll labelled NIDGHU LEUD.
  1150 | D:2      | Reached XP level 4. HP: 33/36 MP: 4/4
  1274 | D:2      | 1274 ||| UPGRADING to +0 ring mail.
  1284 | D:2      | 1284 ||| DROPPING +0 leather armour.
  1587 | D:3      | Found a radiant altar of Vehumet.
  1724 | D:3      | Found a snail-covered altar of Cheibriados.
  2107 | D:3      | 2107 ||| UPGRADING to ring of protection from fire.
  2108 | D:3      | 2108 ||| UPGRADING to ring of protection from cold.
  2157 | D:4      | Noticed a phantom
  2166 | D:4      | Killed a phantom
  2167 | D:4      | Reached skill level 3 in Armour
  2167 | D:4      | Reached XP level 5. HP: 31/41 MP: 5/5
  2203 | D:4      | Noticed an ogre
  2211 | D:4      | Killed an ogre
  2212 | D:4      | Reached skill level 5 in Ranged Weapons
  2278 | D:4      | Reached XP level 6. HP: 34/50 MP: 6/6
  2285 | D:4      | Reached skill level 3 in Fighting
  2342 | D:4      | 2342 ||| FLEEEEING.
  2343 | D:4      | 2343 ||| FLEEEEING.
  2344 | D:4      | 2344 ||| FLEEEEING.
  2345 | D:4      | 2345 ||| FLEEEEING.
  2346 | D:4      | 2346 ||| FLEEEEING.
  2347 | D:4      | 2347 ||| FLEEEEING.
  2348 | D:4      | 2348 ||| FLEEEEING.
  2349 | D:4      | 2349 ||| FLEEEEING.
  2350 | D:4      | 2350 ||| FLEEEEING.
  2351 | D:4      | 2351 ||| FLEEEEING.
  2352 | D:4      | 2352 ||| FLEEEEING.
  2353 | D:4      | 2353 ||| FLEEEEING.
  2354 | D:4      | 2354 ||| FLEEEEING.
  2355 | D:4      | 2355 ||| FLEEEEING.
  2356 | D:4      | 2356 ||| FLEEEEING.
  2535 | D:4      | HP: 8/51 [black bear (10)]
  2535 | D:4      | HP: 2/51 [black bear (2)]
  2535 | D:4      | Slain by a black bear

Levels and vault maps discovered:
D:1:      spicycebolla_arrival_xxxplode, layout_rooms,
          hellmonk_ecumenical_altar_arch_garden, minmay_misc_feat_secret_circle
D:2:      layout_basic, basic_altar, hangedman_glass_teeth
D:3:      layout_basic, lemuel_round_altar, vehumet_crystals
D:4:      minmay_bubble_buster, layout_cave_pools, serial_park,
          serial_park_square1 [serial_park_minivault_5x5_5],
          serial_park_tiny_pond, serial_park_square3
          [serial_park_minivault_5x5_8], eino_small_chamber_without_monster

Skill      XL: |  1  2  3  4  5  6 |
---------------+-------------------+-----
Ranged Weapons | 3 4 5 |  5.9
Fighting       | 2 3 |  3.0
Armour         | 3 |  3.0
Dodging        | |  2.1
Spellcasting   | |  1.0
Hexes          | |  2.0

Action                     |  1- 3 |  4- 6 || total
---------------------------+-------+-------++-------
   Fire: Sling             |   120 |    99 ||   219
    Use: Scroll            |     5 |       ||     5
 Armour: Robe              |     3 |       ||     3
         Leather armour    |     4 |       ||     4
         Ring mail         |       |    28 ||    28
  Dodge: Dodged            |    40 |    42 ||    82

Table legend:
 A = Non-vault XP
 B = Vault XP
 C = Vault XP percentage of total XP
 D = Non-vault monster count
 E = Vault monster count
 F = Vault count percentage of total count
                 A         B        C        D         E       F
            +---------+---------+-------+---------+---------+-------
      Total |     407 |      30 |   6.9 |      70 |       5 |   6.7
            +---------+---------+-------+---------+---------+-------
        D:1 |      30 |       0 |   0.0 |      18 |       0 |   0.0
        D:2 |      68 |       0 |   0.0 |      27 |       0 |   0.0
        D:3 |      34 |       0 |   0.0 |      15 |       0 |   0.0
        D:4 |     275 |      30 |   9.8 |      10 |       5 |  33.3
            +---------+---------+-------+---------+---------+-------
